 Dungeon Crawl Stone Soup version 0.31-a0-150-g89dc3ad700 (webtiles) character file.

Game seed: 3487235989393530598

252 lunkers the Digger (level 6, -6/45 HPs)
             Began as a Meteoran Earth Elementalist on June 9, 2023.
             Shot with an arrow by a centaur (10 damage)
             ... on level 5 of the Dungeon.
             The game lasted 00:02:47 (1595 turns).

lunkers the Digger (Meteoran Earth Elementalist)    Turns: 1595, Time: 00:02:48

Health: -6/45      AC:  2    Str:  9    XL:     6   Next: 64%
Magic:  11/14      EV: 13    Int: 19    God:
Gold:   182        SH:  0    Dex: 21    Spells: 13/14 levels left

rFire   . . .        g - +2 trident (flame)
rCold   . . .        (no shield)
rNeg    . . .        a - +0 robe
rPois   .            (no helmet)
rElec   .            (no cloak)
rCorr   .            (no gloves)
SInv    .            (no boots)
Will    .....        (no amulet)
Stlth   +            o - +6 ring of dexterity
HPRegen 0.27/turn    (no ring)
MPRegen 0.14/turn

%: no passive effects
@: glowing
A: sense surroundings 1, otherworldly, glowing, explore regen
a: no special abilities


You were on level 5 of the Dungeon.
You visited 1 branch of the dungeon, and saw 5 of its levels.

You collected 182 gold pieces.

Inventory:

Hand Weapons
 g - a +2 trident of flaming (weapon)
 k - a +0 short sword of draining
 p - a +2 whip of holy wrath
Armour
 a - a +0 robe (worn)
Jewellery
 i - a ring of ice
 o - a +6 ring of dexterity (left hand)
Wands
 m - a wand of polymorph (14)
Scrolls
 c - a scroll of magic mapping {unknown}
 d - 2 scrolls of enchant armour {unknown}
 e - 4 scrolls of identify {unknown}
 h - 4 scrolls of fear {unknown}
 j - a scroll of summoning {unknown}
Potions
 b - a potion of magic
 f - 2 potions of brilliance {unknown}
 l - a potion of curing {unknown}
 n - a potion of haste {unknown}


   Skills:
 - Level 2.4 Dodging
 - Level 1.4 Stealth
 + Level 4.9 Spellcasting
 - Level 1.2 Transmutations
 * Level 6.9 Earth Magic


You had 13 spell levels left.
You knew the following spells:

 Your Spells              Type           Power      Damage    Failure   Level
a - Sandblast             Erth           60%        2d14      1%          1

Your spell library contained the following spells:

 Spells                   Type           Power      Damage    Failure   Level
 Passwall                 Tmut/Erth      16%        N/A       3%          2
 Stone Arrow              Conj/Erth      34%        3d9       9%          3
 Blink                    Tloc           8%         N/A       19%         2
 Lesser Beckoning         Tloc           8%         N/A       19%         2
 Momentum Strike          Conj/Tloc      8%         3d8       19%         2
 Petrify                  Tmut/Erth      20%        N/A       24%         4


Dungeon Overview and Level Annotations

Branches:
Dungeon (5/15) Zot: 1364
 Temple: D:4-7

Altars:

Shops:
D:1 =   D:4 *


Innate Abilities, Weirdness & Mutations

You passively map a small area around you.
You are easily found by Zot.
You glow in the dark.
You regain HP and MP as you explore.


Message History

No target in view!
You open the door.
A centaur comes into view.
Found 9 gold pieces.
The centaur shouts!
The centaur wields a +0 orcbow.
The centaur shoots an arrow.
The arrow barely misses you.
There is an open door here.
The centaur shoots an arrow.
The arrow closely misses you.
The centaur shoots an arrow.
The arrow hits you.
The centaur shoots an arrow.
The arrow hits you.
Casting: Sandblast (safe; 1% risk of failure)
Confirm with . or Enter, or press ? or * to list all spells.
The blast of sand hits the centaur!
The centaur is heavily wounded.
The centaur shoots an arrow.
The arrow completely misses you.
The centaur shoots an arrow.
The arrow hits you.
Casting: Sandblast (safe; 1% risk of failure)
Confirm with . or Enter, or press ? or * to list all spells.
The blast of sand hits the centaur.
The centaur is severely wounded.
The centaur shoots an arrow.
The arrow hits you!
* * * LOW HITPOINT WARNING * * *
Aiming: Sandblast (safe; 1% risk of failure)
Press: ? - help, Q - select action, (/) - cycle Shift-Dir - straight line, f/p - centaur
Aim: a centaur, wielding a +0 orcbow (severely wounded, 90% to hit)
The blast of sand hits the centaur.
The centaur is severely wounded.
The centaur shoots an arrow.
The arrow hits you!
* * * LOW HITPOINT WARNING * * *
The centaur shoots an arrow.
The arrow hits you!
* * * LOW HITPOINT WARNING * * *
Aiming: Sandblast (safe; 1% risk of failure)
Press: ? - help, Q - select action, (/) - cycle Shift-Dir - straight line, f/p - centaur
Aim: a centaur, wielding a +0 orcbow (severely wounded, 90% to hit)
The blast of sand hits the centaur.
The centaur is severely wounded.
The centaur shoots an arrow.
The arrow misses you.
The centaur shoots an arrow.
The arrow hits you!
You die...

*###.###.#.#
#.#.######.#
..........# #...#
.##.###.#.# #.#.#
#.##.#..#####.#.# * #
#.#.###.......#.# , ,
#.##..## ##........#
* #......#
#.####'#### *
####.##.# * ##...## *
, #.###.# #...@.# *
#..####*#.......# *,*
,
####...####.........#
,
..........+....$.c..+
####...####......$..#
* ##..## ##$......##
#..## ##.....## *
#.## ##...## * #.#
#+#


You could see a centaur.

Vanquished Creatures
  A black bear (D:4)
  An orc priest (D:5)
  A sleepcap (D:4)
  An orc wizard (D:5)
  3 adders
  11 orcs
  2 endoplasms (D:1)
  2 giant cockroaches
  6 goblins
  2 hobgoblins (D:1)
  5 kobolds
  2 quokkas
  3 ball pythons
  5 bats
  3 frilled lizards
  5 rats (D:1)
53 creatures vanquished.

Notes
Turn   | Place    | Note
-------+----------+-------------------------------------------
     0 | D:1      | lunkers the Meteoran Earth Elementalist began the quest for
                  | the Orb.
     0 | D:1      | Reached XP level 1. HP: 14/14 MP: 5/5
    76 | D:1      | Reached skill level 4 in Earth Magic
    76 | D:1      | Reached XP level 2. HP: 20/20 MP: 2/6
   174 | D:1      | Found Leoluch's Jewellery Emporium.
   229 | D:1      | Reached XP level 3. HP: 26/26 MP: 6/8
  1029 | D:4      | Reached XP level 4. HP: 33/33 MP: 6/10
  1078 | D:4      | Reached skill level 5 in Earth Magic
  1096 | D:4      | Reached XP level 5. HP: 38/38 MP: 8/11
  1347 | D:4      | Found Zuwneluf's General Store.
  1347 | D:4      | Noticed a black bear
  1455 | D:4      | Killed a black bear
  1456 | D:4      | Reached skill level 6 in Earth Magic
  1456 | D:4      | Reached XP level 6. HP: 36/45 MP: 9/13
  1507 | D:5      | Entered Level 5 of the Dungeon
  1589 | D:5      | Noticed a centaur
  1595 | D:5      | Shot with an arrow by a centaur

Illustrated notes

Levels and vault maps discovered:
D:1:      dpeg_chamrin_arrival_tetris, layout_rooms, serial_shops, shop,
          minmay_strange_pillars
D:2:      layout_rooms
D:3:      layout_rooms, lemuel_coloured_pillars_altar,
          chequers_serial_rivers_small_b
D:4:      minmay_clustersquares, layout_loops_ring, serial_shops,
          nicolae_inconvenience_store
D:5:      layout_loops_corners, lemuel_temple_firewalk_a

Skill      XL: |  1  2  3  4  5 |
---------------+----------------+-----
Earth Magic    | 4 5 6 |  6.9
Spellcasting   | 3 4 |  4.9
Dodging        | |  2.4
Stealth        | |  1.4
Transmutations | |  1.2

Action                     |  1- 3 |  4- 6 || total
---------------------------+-------+-------++-------
  Melee: Trident           |       |     1 ||     1
   Cast: Sandblast         |    44 |    40 ||    84
 Armour: Robe              |     4 |     1 ||     5
  Dodge: Dodged            |     6 |    14 ||    20

Table legend: (Time is in decaauts)
 A = Elapsed time spent in this place.
 B = Non-inter-level travel time spent in this place.
 C = Inter-level travel time spent in this place.
 D = Time resting spent in this place.
 E = Time spent auto-exploring this place.
 F = Levels seen in this place.
 G = Mean time per level.
                   A        B        C        D        E       F      G
               +--------+--------+--------+--------+--------+-----+--------+
         Total |   1634 |   1547 |     87 |      0 |   1196 |   5 |  326.8 |
       Dungeon |   1634 |   1547 |     87 |      0 |   1196 |   5 |  326.8 |
               +--------+--------+--------+--------+--------+-----+--------+

Top non-repeatable levels by time:
     D:4: 494 daAuts
     D:3: 411 daAuts
     D:1: 334 daAuts
     D:2: 300 daAuts
     D:5: 94 daAuts
